 Dungeon Crawl Stone Soup version 0.27.0 (webtiles) character file.

Game seed: 10287948333923423792

53 Raultor the Insei (level 4, -5/34 HPs)
             Began as a Djinni Gladiator on July 31, 2021.
             Slain by Crazy Yiuf (10 damage)
             ... while paralysed by Crazy Yiuf
             ... on level 2 of the Dungeon.
             The game lasted 00:03:48 (1882 turns).

Raultor the Insei (Djinni Gladiator)                Turns: 1882, Time: 00:03:48

Health: -5/34      AC:  6    Str: 14    XL:     4   Next: 10%
Gold:   73         EV:  2    Int:  9    God:
                   SH:  0    Dex: 15

rFire    + + .     SeeInvis .     - Unarmed
rCold    x . .     Faith    .   (no shield)
rNeg     . . .     Spirit   .   e - +0 ring mail
rPois    ∞         Reflect  .   b - +0 helmet
rElec    .         Harm     .   (no cloak)
rCorr    .         Rampage  .   (no gloves)
Will     .....                  (boots unavailable)
Stlth    +.........             (no amulet)
HPRegen  0.11/turn              (no ring)
MPRegen  0.00/turn              (no ring)

@: paralysed, flying
A: sickness immunity, fire resistance 2, cold vulnerability 1, float, innate
caster, hp casting, extra vitality 1
a: no special abilities


You were on level 2 of the Dungeon.
You visited 1 branch of the dungeon, and saw 2 of its levels.

You collected 73 gold pieces.


Innate Abilities, Weirdness & Mutations

You are immune to sickness and miasma.
You are immune to poison.
Your flesh is very heat resistant. (rF++)
You are vulnerable to cold. (rC-)
You float through the air rather than walking.
You learn spells naturally, not from books.
Your magical power is your life essence.
You have superior vitality. (+4 HP)


   Skills:
 + Level 2.6 Fighting
 - Level 1.5 Throwing
 - Level 3.2 Dodging
 * Level 3.9 Unarmed Combat
 + Level 1.0 Spellcasting


You had 4 spell levels left.
You knew the following spells:

 Your Spells              Type           Power      Damage    Failure   Level
a - Animate Skeleton      Necr           4%         N/A       45%         1
Your spell library was empty.

Inventory:

Missiles
 c - 3 throwing nets (quivered) {=f}
Armour
 a - a +0 leather armour
 b - a +0 helmet (worn)
 e - a +0 ring mail (worn)
Scrolls
 g - 2 scrolls of teleportation {unknown}
 h - a scroll of enchant weapon {unknown}
 i - 3 scrolls of magic mapping {unknown}
 k - a scroll of acquirement {unknown}
 m - a scroll of fear {unknown}
Potions
 d - a potion of cancellation {unknown}
 f - a potion of heal wounds {unknown}
 j - 2 potions of attraction {unknown}
 l - a potion of flight {unknown}

Dungeon Overview and Level Annotations

Branches:
Dungeon (2/15)

Altars:

Shops:
D:1 (

Annotations:
D:2 Crazy Yiuf

##.###.##
#...##....#...######
#.#.....#
#############...#
##.###..# #.#(..#.##
#†# #..#### ▒▒▒▒▒
#.#.##...## #.#
#.....# ▒).)▒
#...#.....## #.#
#.#...# ▒)))▒
###.#..<....
#.###.#.### )))
#...#.....#.
#.##....# ▒g▒
#.#.##...##.
#.#.###.# ♣@♣♣
#.#.#######. ##.#.#
#.# ♣♣)♣ #.#.# #.
...#.###.# ♣)♣♣
#.#.## #. #####....#
♣♣)♣ #....## #.
#.##.# ♣♣)♣♣ #.....#
##. #.##.### ♣♣..)♣
#.....# ##..
#.##...# ♣....♣
###.#.###...
#......# #....#
#.........
############
#....### ###.###...


You could see Crazy Yiuf.


Message History

You see here 3 silver javelins.
Found a mace.
Found a mace.
You see here a +0 mace.
Found six maces and a glowing mace.
Found a runed translucent door.
You see here a +0 mace.
Crazy Yiuf shouts!
Found a mace.
You see here a +0 mace.
You see here a +1 mace of protection.
Found a glowing mace and two maces.
You see here a +0 mace.
You reach down and open the door.
You hit Crazy Yiuf.
Crazy Yiuf is lightly wounded.
Crazy Yiuf hits you with a +2 quarterstaff of chaos!
Crazy Yiuf freezes you.
You closely miss Crazy Yiuf.
Crazy Yiuf is lightly wounded.
Crazy Yiuf barely misses you.
You closely miss Crazy Yiuf.
Crazy Yiuf is lightly wounded.
Crazy Yiuf hits you with a +2 quarterstaff of chaos!
* * * LOW HITPOINT WARNING * * *
You suddenly lose the ability to move!
Crazy Yiuf hits you with a +2 quarterstaff of chaos.
* * * LOW HITPOINT WARNING * * *
You easily resist.
Crazy Yiuf hits you with a +2 quarterstaff of chaos!
You die...

Skill      XL: |  1  2  3 |
---------------+----------+-----
Spellcasting   | 1 |  1.0
Fighting       | |  2.6
Throwing       | |  1.5
Dodging        | |  3.2
Unarmed Combat | |  3.9

Action                   |  1- 3 |  4- 6 || total
-------------------------+-------+-------++-------
Melee: Unarmed           |   161 |    18 ||   179
       Punch             |     1 |       ||     1
 Cast: Animate Skeleton  |     2 |       ||     2
Armor: Ring mail         |    57 |     3 ||    60
       Leather armour    |     2 |       ||     2
Dodge: Dodged            |    78 |     6 ||    84

Levels and vault maps discovered:
D:1:      arrival_aquarium_a, layout_loops_ring, serial_shops, shop_fountains,
          shapermc_ecumenical_altar_pompeii, glass_columns_a
D:2:      layout_loops_ring, minmay_domino_4, uniq_crazy_yiuf_cottage

Notes
Turn   | Place    | Note
-------+----------+-------------------------------------------
     0 | D:1      | Raultor the Djinni Gladiator began the quest for the Orb.
     0 | D:1      | Reached XP level 1. HP: 18/18 MP: 0/0
     1 | D:1      | Noticed an electric eel
   189 | D:1      | Reached XP level 2. HP: 19/23 MP: 0/0
   635 | D:1      | Found Wuth's Weapon Emporium.
   890 | D:1      | Reached XP level 3. HP: 29/29 MP: 0/0
   890 | D:1      | Learned a level 1 spell: Animate Skeleton
   924 | D:1      | Found a faded altar of an unknown god.
  1753 | D:2      | Reached skill level 1 in Spellcasting
  1753 | D:2      | Reached XP level 4. HP: 31/34 MP: 0/0
  1873 | D:2      | Found a runed translucent door.
  1874 | D:2      | Noticed Crazy Yiuf
  1880 | D:2      | Paralysed by Crazy Yiuf for 4 turns
  1882 | D:2      | Slain by Crazy Yiuf

Vanquished Creatures
  2 worms (D:2)
  A dart slug (D:2)
  5 ball pythons
  5 endoplasms
  4 giant cockroaches
  2 goblins (D:1)
  6 hobgoblins
  5 kobolds
  2 quokkas
  2 bats (D:2)
  A frilled lizard (D:1)
  7 rats
42 creatures vanquished.

Table legend: (Time is in decaauts)
 A = Elapsed time spent in this place.
 B = Non-inter-level travel time spent in this place.
 C = Inter-level travel time spent in this place.
 D = Time resting spent in this place.
 E = Time spent auto-exploring this place.
 F = Levels seen in this place.
 G = Mean time per level.
                   A        B        C        D        E       F      G
               +--------+--------+--------+--------+--------+-----+--------+
         Total |   1869 |   1804 |     65 |      0 |   1479 |   2 |  934.5 |
       Dungeon |   1869 |   1804 |     65 |      0 |   1479 |   2 |  934.5 |
               +--------+--------+--------+--------+--------+-----+--------+

Top non-repeatable levels by time:
     D:1: 1249 daAuts
     D:2: 619 daAuts

Table legend:
 A = Non-vault XP
 B = Vault XP
 C = Vault XP percentage of total XP
 D = Non-vault monster count
 E = Vault monster count
 F = Vault count percentage of total count
                 A         B        C        D         E       F
            +---------+---------+-------+---------+---------+-------
      Total |      72 |       4 |   5.3 |      39 |       3 |   7.1
            +---------+---------+-------+---------+---------+-------
        D:1 |      39 |       0 |   0.0 |      22 |       0 |   0.0
        D:2 |      33 |       4 |  10.8 |      17 |       3 |  15.0
            +---------+---------+-------+---------+---------+-------
